 Dungeon Crawl Stone Soup version 0.27.1-4-g1640c2035a (webtiles) character file.

Game seed: 6285491458684286091

375 adizb the Blocker (level 6, 0/51 HPs)
             Began as a Minotaur Fighter on Nov 14, 2021.
             Slain by an ogre (13 damage)
             ... on level 5 of the Dungeon.
             The game lasted 00:12:00 (3017 turns).

adizb the Blocker (Minotaur Fighter)                Turns: 3017, Time: 00:12:01

Health: 0/51       AC:  6    Str: 21    XL:     6   Next: 44%
Magic:  5/5        EV:  8    Int:  5    God:
Gold:   148        SH: 11    Dex: 11    Spells: 5/5 levels left

rFire    . . .     SeeInvis .   a - +0 flail
rCold    . . .     Faith    .   c - +0 kite shield
rNeg     . . .     Spirit   .   b - +0 scale mail
rPois    .         Reflect  .   (helmet restricted)
rElec    .         Harm     .   (no cloak)
rCorr    .         Rampage  .   (no gloves)
Will     .....                  (no boots)
Stlth    ..........             (no amulet)
HPRegen  0.17/turn              (no ring)
MPRegen  0.09/turn              (no ring)

@: mighty, unable to read
A: horns 2, retaliatory headbutt, hooves 1, inability to read while threatened
a: no special abilities


You were on level 5 of the Dungeon.
You visited 1 branch of the dungeon, and saw 5 of its levels.

You collected 148 gold pieces.

Inventory:

Hand Weapons
 a - a +0 flail (weapon)
Armour
 b - a +0 scale mail (worn)
 c - a +0 kite shield (worn)
Jewellery
 i - an amulet of faith
Wands
 e - a wand of flame (27)
 f - a wand of mindburst (9)
Scrolls
 h - 3 scrolls of enchant armour
 j - a scroll of brand weapon {unknown}
 l - a scroll of noise {unknown}
 m - 3 scrolls of identify
 o - a scroll of teleportation {unknown}
Potions
 d - a potion of might
 g - a potion of berserk rage {unknown}
 k - a potion of brilliance {unknown}
 n - a potion of curing {unknown}


   Skills:
 - Level 3.6 Fighting
 - Level 2.4 Maces & Flails
 - Level 3.6 Armour
 + Level 8.8 Shields


You had 5 spell levels left.
You didn't know any spells.
Your spell library was empty.

Dungeon Overview and Level Annotations

Branches:
Dungeon (5/15)
 Temple: D:4-7

Altars:
Ashenzari
Cheibriados
Sif Muna
Zin

Shops:
D:4 [


Innate Abilities, Weirdness & Mutations

You have a pair of horns on your head.
You reflexively headbutt those who attack you in melee.
You have large cloven feet.
You sometimes lose the ability to read scrolls when taking damage.


Message History

You headbutt the scorpion.
You kill the scorpion!
Found a stone staircase leading down.
There is a stone staircase leading down here.
You open the door.
There is an open door here.
As you open the door, it creaks loudly!
There is an open door here.
There is an open door here.
An ogre comes into view. It is wielding a +0 giant club.
The ogre shouts!
The ogre hits you with a +0 giant club.
You hit the ogre but do no damage. Your kick misses the ogre.
You block the ogre's attack.
Found a stone staircase leading down.
You block the ogre's attack.
You hit the ogre. You kick the ogre.
The ogre is moderately wounded.
The ogre closely misses you.
You hit the ogre.
The ogre is moderately wounded.
You block the ogre's attack.
You barely miss the ogre. You kick the ogre.
The ogre is moderately wounded.
The ogre hits you with a +0 giant club!
You hit the ogre but do no damage. You kick the ogre.
The ogre is heavily wounded.
You block the ogre's attack. The ogre hits you with a +0 giant club.
You hit the ogre. Your kick misses the ogre.
The ogre is heavily wounded.
You block the ogre's attack.
You hit the ogre. You kick the ogre.
The ogre is severely wounded.
The ogre hits you with a +0 giant club!!
You feel threatened and lose the ability to read scrolls!
* * * LOW HITPOINT WARNING * * *
You feel very mighty all of a sudden.
You barely miss the ogre. Your headbutt misses the ogre.
The ogre is severely wounded.
You block the ogre's attack. The ogre hits you with a +0 giant club!
You die...

#........#.#
#........#.#.#.
#........'.....
#........##.. .
#.#####'## .. #.#
#.# ####...
#.#####.##......>
.........O....##.
####.....@.......
#######.###### .#
.# .# .# .. ##


You could see an ogre.

Vanquished Creatures
  A scorpion (D:5)
  A water moccasin skeleton (D:4)
  3 bullfrog skeletons (D:4)
  An iguana (D:3)
  Natasha (thrice) (D:3)
  A hound skeleton (D:4)
  An adder (D:3)
  3 worms (D:4)
  2 dart slugs
  An orc (D:4)
  3 endoplasms (D:1)
  2 giant cockroaches
  2 goblins (D:1)
  5 hobgoblins
  2 jackals (D:3)
  2 quokkas (D:2)
  5 ball pythons
  4 bats
  4 frilled lizards
  4 kobolds
  4 rats
54 creatures vanquished.

Notes
Turn   | Place    | Note
-------+----------+-------------------------------------------
     0 | D:1      | adizb the Minotaur Fighter began the quest for the Orb.
     0 | D:1      | Reached XP level 1. HP: 19/19 MP: 0/0
   267 | D:1      | Reached skill level 4 in Shields
   326 | D:1      | Reached XP level 2. HP: 24/26 MP: 1/1
   929 | D:2      | Reached skill level 5 in Shields
  1079 | D:2      | Reached XP level 3. HP: 30/31 MP: 2/2
  1294 | D:3      | Found a shimmering blue altar of Sif Muna.
  1425 | D:3      | Reached skill level 6 in Shields
  1425 | D:3      | Reached XP level 4. HP: 37/39 MP: 3/3
  1495 | D:3      | Noticed Natasha
  1502 | D:3      | Killed Natasha
  1827 | D:3      | Found a broken altar of Ashenzari.
  1841 | D:3      | Noticed Natasha
  1855 | D:3      | Killed Natasha
  1856 | D:3      | HP: 1/39 [hobgoblin (3)]
  1922 | D:3      | Gained mutation: You sometimes lose the ability to read
                  | scrolls when taking damage. [potion of mutation]
  1922 | D:3      | Gained mutation: You have large cloven feet. [potion of
                  | mutation]
  2273 | D:3      | Noticed Natasha
  2283 | D:3      | Killed Natasha
  2284 | D:3      | Reached skill level 7 in Shields
  2284 | D:3      | Reached XP level 5. HP: 10/45 MP: 4/4
  2407 | D:4      | Reached skill level 8 in Shields
  2532 | D:4      | Found a glowing silver altar of Zin.
  2677 | D:4      | Found Uhitoj's Armour Emporium.
  2686 | D:4      | Reached XP level 6. HP: 48/51 MP: 5/5
  2813 | D:4      | Found a snail-covered altar of Cheibriados.
  2902 | D:5      | Entered Level 5 of the Dungeon
  3017 | D:5      | Slain by an ogre

Illustrated notes

Levels and vault maps discovered:
D:1:      sevenhm_arrival_forest_fort_large_2, layout_basic,
          amcnicky_mini_rare_corridor_liquid, minmay_misc_feat_enclosed
D:2:      layout_rooms
D:3:      layout_basic, ashenzari_altar_1, mainiacjoe_overflow_tiny_flanked,
          minmay_misc_feat_encased, uniq_natasha
D:4:      layout_gridville, nicolae_overflow_hidden_temple, slow_altar_2,
          serial_shops, nicolae_diamond_shop, grunt_ministairs_2
D:5:      layout_basic

Skill      XL: |  1  2  3  4  5 |
---------------+----------------+-----
Shields        | 4 5 6 7 8 |  8.8
Fighting       | |  3.6
Maces & Flails | |  2.4
Armour         | |  3.6

Action                   |  1- 3 |  4- 6 || total
-------------------------+-------+-------++-------
Melee: Flail             |   101 |    77 ||   178
       Headbutt          |     9 |    15 ||    24
       Kick              |       |    15 ||    15
  Use: Scroll            |     1 |     2 ||     3
       Potion            |       |     5 ||     5
Armor: Scale mail        |    37 |    14 ||    51
Dodge: Dodged            |    29 |    22 ||    51
Block: Kite shield       |    54 |    51 ||   105
